 Dungeon Crawl Stone Soup version 0.23-a0-556-g351818a (webtiles) character file.

359 zishaf the Magician (level 6, -8/44 HPs)
             Began as a Gnoll Wizard on Dec 10, 2018.
             Was a Follower of Yredelemnul.
             Mangled by a black mamba (16 damage)
             ... on level 4 of the Dungeon.
             The game lasted 00:07:12 (3914 turns).

zishaf the Magician (Gnoll Wizard)                  Turns: 3914, Time: 00:07:13

Health: -8/44      AC:  4    Str:  9    XL:     6   Next: 65%
Magic:  13/16      EV: 14    Int: 22    God:    Yredelemnul [*.....]
Gold:   116        SH:  0    Dex: 14    Spells: 8/19 levels left

rFire    . . .     SeeInvis .   a - +4 quarterstaff (chaos)
rCold    . . .     Gourm    .   (shield currently unavailable)
rNeg     . . .     Faith    .   h - +0 leather armour
rPois    .         Spirit   .   s - +0 hat
rElec    .         Reflect  .   A - +0 cloak {+Inv}
rCorr    .         Harm     .   (no gloves)
MR       .....                  (no boots)
Stlth    +++.......             (no amulet)
HPRegen  0.14/turn              (no ring)
MPRegen  0.15/turn              (no ring)

@: lethally poisoned (-8 -> -23)
A: distributed training, fangs 1, strong nose
a: Animate Remains, Renounce Religion, Evoke Invisibility


You were on level 4 of the Dungeon.
You worshipped Yredelemnul.
Yredelemnul was aware of your devotion.
You were not hungry.

You visited 1 branch of the dungeon, and saw 4 of its levels.

You collected 116 gold pieces.

Inventory:

Hand Weapons
 a - a +4 quarterstaff of chaos (weapon)
 b - a +0 hunting sling
Missiles
 t - 38 sling bullets
 v - 60 stones (quivered)
 x - 2 throwing nets
Armour
 e - a +0 robe
 h - a +0 leather armour (worn)
 s - a +0 hat (worn)
 A - a +0 cloak of invisibility (worn)
Scrolls
 c - 4 scrolls of identify {unknown}
 f - 4 scrolls of immolation {unknown}
 i - a scroll of magic mapping {unknown}
 j - a scroll of blinking {unknown}
 n - 2 scrolls of teleportation {unknown}
 r - a scroll of noise {unknown}
Potions
 g - a potion of invisibility {unknown}
 k - 2 potions of ambrosia {unknown}
 l - a potion of heal wounds {unknown}
 m - 3 potions of curing {unknown}
 p - 2 potions of haste {unknown}
 q - a potion of brilliance {unknown}
 u - a potion of lignification {unknown}
 w - a potion of mutation {unknown}
 z - a potion of cancellation {unknown}
Comestibles
 d - 4 rations
 o - 2 chunks of flesh


   Skills:
 + Level 2.0 Fighting
 + Level 2.0 Short Blades
 + Level 2.0 Long Blades
 + Level 2.0 Axes
 + Level 2.0 Maces & Flails
 + Level 2.0 Polearms
 + Level 2.0 Staves
 + Level 2.0 Slings
 + Level 2.0 Bows
 + Level 2.0 Crossbows
 + Level 2.0 Throwing
 + Level 2.0 Armour
 + Level 5.0 Dodging
 + Level 4.6 Stealth
 + Level 2.0 Shields
 + Level 2.0 Unarmed Combat
 + Level 7.4 Spellcasting
 + Level 2.6 Conjurations
 + Level 1.6 Hexes
 + Level 1.6 Charms
 + Level 2.6 Summonings
 + Level 1.6 Necromancy
 + Level 2.6 Translocations
 + Level 1.6 Transmutations
 + Level 1.6 Fire Magic
 + Level 1.6 Ice Magic
 + Level 1.6 Air Magic
 + Level 1.6 Earth Magic
 + Level 1.6 Poison Magic
 + Level 2.2 Invocations
 + Level 2.0 Evocations


You had 8 spell levels left.
You knew the following spells:

 Your Spells              Type           Power        Failure   Level  Hunger
a - Magic Dart            Conj           ###.         3%          1    None
b - Call Imp              Summ           ###.....     5%          2    None
c - Blink                 Tloc           N/A          5%          2    None
d - Conjure Flame         Conj/Fire      ###.....     13%         3    None
e - Mephitic Cloud        Conj/Pois/Air  ###.....     14%         3    None

Your spell library contained the following spells:

 Spells                   Type           Power        Failure   Level  Hunger
 Slow                     Hex            ###.....     9%          2    None


Dungeon Overview and Level Annotations

Branches:
Dungeon (4/15)
 Temple: D:4-7

Altars:
Cheibriados
Elyvilon
Fedhas
Hepliaklqana
Qazlal
Sif Muna
Uskayaw
Wu Jian
Yredelemnul


Innate Abilities, Weirdness & Mutations

Your experience applies equally to all skills.
You have very sharp teeth.
Your uncanny sense of smell can sniff out nearby items.


Message History

Aiming: Magic Dart (safe; 3% risk of failure)
Press: ? - help, Shift-Dir - straight line, f/p - black mamba
Aim: a black mamba (moderately wounded)
The magic dart hits the black mamba.
The black mamba is moderately wounded.
You feel sick. The black mamba misses you. The black mamba bites you!
* * * LOW HITPOINT WARNING * * *
Casting: Magic Dart (safe; 3% risk of failure)
Confirm with . or Enter, or press ? or * to list all spells.
Aiming: Magic Dart (safe; 3% risk of failure)
Press: ? - help, Shift-Dir - straight line, f/p - black mamba
Aim: a black mamba (moderately wounded)
The magic dart hits the black mamba.
The black mamba is heavily wounded.
* * * LOW HITPOINT WARNING * * *
You feel sick.
The black mamba bites you but does no damage.
The black mamba bites you!
You die...
Your body rises from the dead as a mindless zombie.

####### #
##.....###.####
#..###.........
#.##<##.#...o.
#.#...#@# .$..
#.#.♣.#S# ..
#.#...#.#
#.##.##.#
#.##.#######
#.#...##)..##
#...♣.').♣.>#
###...##...##
##'#######


You could see a black mamba.

Vanquished Creatures
  An orc wizard (D:4)
  Crazy Yiuf (D:3)
  Jessica (D:2)
  3 adders
  4 dart slugs
  6 leopard geckos
  3 orcs
  A ball python (D:3)
  2 giant cockroaches
  11 goblins
  7 hobgoblins
  2 quokkas
  10 bats
  5 frilled lizards
  6 kobolds
  14 rats
77 creatures vanquished.

Vanquished Creatures (collateral kills)
  Grinder (D:3)
  4 gnolls (D:3)
  A hobgoblin (D:3)
6 creatures vanquished.

Grand Total: 83 creatures vanquished

Notes
Turn   | Place    | Note
-------+----------+-------------------------------------------
     0 | D:1      | zishaf the Gnoll Wizard began the quest for the Orb.
     0 | D:1      | Reached XP level 1. HP: 13/13 MP: 8/8
    99 | D:1      | Reached XP level 2. HP: 19/19 MP: 5/10
   267 | D:1      | Learned a level 2 spell: Call Imp
   582 | D:1      | Reached XP level 3. HP: 23/25 MP: 11/11
  1070 | D:2      | Reached skill level 1 in Invocations
  1335 | D:2      | Found a white marble altar of Elyvilon.
  1515 | D:2      | Reached skill level 1 in Fighting
  1515 | D:2      | Reached skill level 1 in Short Blades
  1515 | D:2      | Reached skill level 1 in Long Blades
  1515 | D:2      | Reached skill level 1 in Axes
  1515 | D:2      | Reached skill level 1 in Maces & Flails
  1515 | D:2      | Reached skill level 1 in Polearms
  1515 | D:2      | Reached skill level 1 in Staves
  1515 | D:2      | Reached skill level 1 in Slings
  1515 | D:2      | Reached skill level 1 in Bows
  1515 | D:2      | Reached skill level 1 in Crossbows
  1515 | D:2      | Reached skill level 1 in Throwing
  1515 | D:2      | Reached skill level 1 in Armour
  1515 | D:2      | Reached skill level 1 in Shields
  1515 | D:2      | Reached skill level 1 in Unarmed Combat
  1515 | D:2      | Reached skill level 1 in Evocations
  1519 | D:2      | Reached XP level 4. HP: 27/32 MP: 8/13
  1523 | D:2      | Learned a level 2 spell: Blink
  1527 | D:2      | Learned a level 3 spell: Conjure Flame
  1531 | D:2      | Learned a level 3 spell: Mephitic Cloud
  1607 | D:2      | Found a deep blue altar of Sif Muna.
  1670 | D:2      | Found a hide-covered altar of Uskayaw.
  1670 | D:2      | Found a basalt altar of Yredelemnul.
  1670 | D:2      | Found a snail-covered altar of Cheibriados.
  1670 | D:2      | Found an ornate altar of the Wu Jian Council.
  1672 | D:2      | Noticed Jessica
  1704 | D:2      | Killed Jessica
  1817 | D:2      | Found a hazy altar of Hepliaklqana.
  1821 | D:2      | Found a blossoming altar of Fedhas.
  1834 | D:2      | Became a worshipper of Yredelemnul the Dark
  1890 | D:3      | Reached skill level 1 in Hexes
  1890 | D:3      | Reached skill level 1 in Charms
  1890 | D:3      | Reached skill level 1 in Necromancy
  1890 | D:3      | Reached skill level 1 in Transmutations
  1890 | D:3      | Reached skill level 1 in Fire Magic
  1890 | D:3      | Reached skill level 1 in Ice Magic
  1890 | D:3      | Reached skill level 1 in Air Magic
  1890 | D:3      | Reached skill level 1 in Earth Magic
  1890 | D:3      | Reached skill level 1 in Poison Magic
  2172 | D:3      | Reached XP level 5. HP: 8/37 MP: 5/14
  2600 | D:3      | Found a runed door.
  2683 | D:3      | Noticed Crazy Yiuf
  2701 | D:3      | Killed Crazy Yiuf
  3173 | D:3      | Reached * piety under Yredelemnul
  3439 | D:3      | Found a stormy altar of Qazlal.
  3443 | D:3      | Noticed Grinder
  3482 | D:3      | Paralysed by Grinder for 5 turns
  3488 | D:3      | Killed Grinder
  3488 | D:3      | Reached skill level 5 in Dodging
  3488 | D:3      | Reached XP level 6. HP: 17/44 MP: 3/16
  3909 | D:4      | Noticed a black mamba
  3909 | D:4      | a worm changed into a black mamba
  3914 | D:4      | Mangled by a black mamba

Vault maps used:
D:1:      onia_arrival_pentagram, serial_bayou, serial_bayou_shore_b,
          serial_bayou_ford_a, serial_bayou_lagoon_a, serial_bayou_pond_c
D:2:      minmay_overflow_temple_hex, led_sif_pool, lemuel_doored_altar,
          uniq_jessica
D:3:      minmay_chambers_of_twos, nicolae_overflow_crystal_walls, minivault_26,
          kennysheep_nub, uniq_grinder, uniq_crazy_yiuf_cottage
D:4:      minmay_temple_entry_trees, minivault_14, wad_floor_pattern_untrapped,
          grunt_ministairs_5, fedhas_altar_fruit_tree

Skill      XL: |  1  2  3  4  5 |
---------------+----------------+-----
Conjurations   | 2 |  2.6
Summonings     | 2 |  2.6
Translocations | 2 |  2.6
Invocations    | 1 2 |  2.2
Fighting       | 1 2 |  2.0
Short Blades   | 1 2 |  2.0
Long Blades    | 1 2 |  2.0
Axes           | 1 2 |  2.0
Maces & Flails | 1 2 |  2.0
Polearms       | 1 2 |  2.0
Staves         | 1 2 |  2.0
Slings         | 1 2 |  2.0
Bows           | 1 2 |  2.0
Crossbows      | 1 2 |  2.0
Throwing       | 1 2 |  2.0
Armour         | 1 2 |  2.0
Shields        | 1 2 |  2.0
Unarmed Combat | 1 2 |  2.0
Evocations     | 1 2 |  2.0
Hexes          | 1 |  1.6
Charms         | 1 |  1.6
Necromancy     | 1 |  1.6
Transmutations | 1 |  1.6
Fire Magic     | 1 |  1.6
Ice Magic      | 1 |  1.6
Air Magic      | 1 |  1.6
Earth Magic    | 1 |  1.6
Poison Magic   | 1 |  1.6
Dodging        | 5 |  5.0
Stealth        | |  4.6
Spellcasting   | |  7.4

Action                   |  1- 3 |  4- 6 || total
-------------------------+-------+-------++-------
Melee: Spear             |   148 |    66 ||   214
       Bite              |     7 |     7 ||    14
       Quarterstaff      |       |    34 ||    34
 Cast: Magic Dart        |    24 |    17 ||    41
       Call Imp          |       |    12 ||    12
       Conjure Flame     |       |     1 ||     1
 Stab: Sleeping          |     7 |     7 ||    14
  Eat: Chunk             |     2 |     8 ||    10
Armor: Robe              |     4 |       ||     4
       Leather armour    |    23 |    16 ||    39
Dodge: Dodged            |    69 |    51 ||   120

Table legend:
 A = Non-vault XP
 B = Vault XP
 C = Vault XP percentage of total XP
 D = Non-vault monster count
 E = Vault monster count
 F = Vault count percentage of total count
                 A         B        C        D         E       F
            +---------+---------+-------+---------+---------+-------
      Total |     167 |     346 |  67.4 |      69 |      14 |  16.9
            +---------+---------+-------+---------+---------+-------
        D:1 |      50 |       0 |   0.0 |      28 |       0 |   0.0
        D:2 |      45 |      37 |  45.1 |      20 |       1 |   4.8
        D:3 |      72 |     260 |  78.3 |      21 |      10 |  32.3
        D:4 |       0 |      49 | 100.0 |       0 |       3 | 100.0
            +---------+---------+-------+---------+---------+-------
